 Dungeon Crawl Stone Soup version 0.24.0-13-gcf9b3192b9 (webtiles) character file.

Game seed: 981345652061400015, levelgen mode: deterministic

16674 SaintRoka the Thaumaturge (level 12, -2/94 HPs)
             Began as a Gnoll Skald on Nov 6, 2019.
             Was an Elder of Cheibriados.
             Slain by a minotaur
             ... wielding the +4 halberd of Evaoron {freeze, *Contam rC+++ Str+4 Stlth-}
              (13 damage)
             ... in a Gauntlet.
             The game lasted 00:44:32 (7945 turns).

SaintRoka the Thaumaturge (Gnoll Skald)             Turns: 7945, Time: 00:44:33

Health: -2/94      AC:  8    Str: 28    XL:     12   Next: 40%
Magic:  21/24      EV: 25    Int: 36    God:    Cheibriados [****..]
Gold:   214        SH: 13    Dex: 30    Spells: 8/28 levels left

rFire    . . .     SeeInvis .   y - +5 war axe
rCold    . . .     Gourm    .   s - +0 shield of Voanurph {rPois MR+} (curse)
rNeg     . . .     Faith    .   V - +0 troll leather armour
rPois    +         Spirit   .   (no helmet)
rElec    +         Reflect  .   (no cloak)
rCorr    .         Harm     .   h - +2 pair of gloves {Str+3}
MR       +....     NoTele   +   (no boots)
Stlth    ++++++....             T - amulet of magic regeneration
HPRegen  0.65/turn              J - ring of wizardry
MPRegen  0.44/turn              j - ring "Essuun" {rElec Int+8 Dex+2 Stlth+}

@: agile, infused, very slightly contaminated, invisible, very slow
A: distributed training, fangs 1, strong nose
a: Bend Time, Temporal Distortion, Slouch, Renounce Religion


You were in a Gauntlet.
You worshipped Cheibriados.
Cheibriados was greatly pleased with you.
You were not hungry.

You visited 3 branches of the dungeon, and saw 14 of its levels.
You also visited: Sewer and Gauntlet.

You collected 667 gold pieces.
You spent 453 gold pieces at shops.

Inventory:

Hand Weapons
 a - a +2 longbow of flaming
 y - a +5 war axe (weapon)
 H - a +0 quarterstaff of freezing
 L - a cursed +0 trident of protection
 O - a +3 long sword
 Q - a +1 hand axe of electrocution
Missiles
 i - 171 arrows
 n - 54 poisoned darts (quivered)
 F - 2 throwing nets
 K - 5 boomerangs
 P - 3 javelins
Armour
 h - a +2 pair of gloves of strength (worn)
 s - the cursed +0 shield of Voanurph (worn) {rPois MR+}
   (You found it in a Gauntlet)

   It protects you from poison.
   It affects your resistance to hostile enchantments.
   It has a curse placed upon it.
 E - a +0 chain mail of poison resistance
 M - +0 acid dragon scales
 V - a +0 troll leather armour (worn)
Jewellery
 e - an uncursed ring of ice
 j - the ring "Essuun" (right hand) {rElec Int+8 Dex+2 Stlth+}
   (You found it in a Gauntlet)

   [ring of stealth]

   It affects your intelligence (+8).
   It affects your dexterity (+2).
   It insulates you from electricity.
   It makes you more stealthy.
 t - an uncursed ring of protection from fire
 D - a +5 ring of intelligence
 G - an uncursed ring of fire
 J - a ring of wizardry (left hand)
 T - an amulet of magic regeneration (around neck)
 Y - an uncursed ring of poison resistance
Wands
 k - a wand of paralysis (8)
 p - a wand of polymorph (8)
 z - a wand of disintegration (10)
 N - a wand of flame (19)
Scrolls
 c - 9 scrolls of remove curse
 f - 2 scrolls of enchant armour
 l - 8 scrolls of fear {unknown}
 m - 2 scrolls of noise {unknown}
 q - 4 scrolls of immolation {unknown}
 u - 2 scrolls of enchant weapon {unknown}
 w - 10 scrolls of teleportation
 C - 2 scrolls of amnesia
 R - 3 scrolls of fog
 W - a scroll of brand weapon {unknown}
 Z - a scroll of vulnerability {unknown}
Potions
 b - a potion of mutation
 g - 2 potions of curing
 o - 3 potions of flight
 r - a potion of magic
 x - a potion of brilliance
 I - 2 potions of lignification
 X - a potion of cancellation
Comestibles
 d - 13 rations


   Skills:
 + Level 8.5 Fighting
 + Level 7.1 Short Blades
 + Level 7.1 Long Blades
 + Level 7.1 Axes
 + Level 7.1 Maces & Flails
 + Level 8.5 Polearms
 + Level 7.1 Staves
 + Level 7.1 Slings
 + Level 7.1 Bows
 + Level 7.1 Crossbows
 + Level 7.1 Throwing
 + Level 7.6 Armour
 + Level 8.5 Dodging
 + Level 7.1 Stealth
 + Level 7.1 Shields
 + Level 7.1 Unarmed Combat
 + Level 8.8 Spellcasting
 + Level 5.9 Conjurations
 + Level 5.9 Hexes
 + Level 8.1 Charms
 + Level 5.9 Summonings
 + Level 5.9 Necromancy
 + Level 5.9 Translocations
 + Level 5.9 Transmutations
 + Level 5.9 Fire Magic
 + Level 5.9 Ice Magic
 + Level 5.9 Air Magic
 + Level 5.9 Earth Magic
 + Level 5.9 Poison Magic
 + Level 7.8 Invocations
 + Level 7.1 Evocations


You had 8 spell levels left.
You knew the following spells:

 Your Spells              Type           Power        Failure   Level  Hunger
a - Infusion              Chrm           ####         1%          1    None
b - Shroud of Golubria    Chrm/Tloc      ######       1%          2    None
c - Spectral Weapon       Hex/Chrm       ######..     1%          3    None
d - Confuse               Hex            ######..     1%          3    None
e - Tukima's Dance        Hex            ######..     1%          3    None
f - Ensorcelled Hibernat  Hex/Ice        ######       1%          2    None
g - Conjure Flame         Conj/Fire      ######..     1%          3    None
r - Regeneration          Chrm/Necr      ######....   1%          3    None

Your spell library contained the following spells:

 Spells                   Type           Power        Failure   Level  Hunger
 Corona                   Hex            ######.      1%          1    None
 Flame Tongue             Conj/Fire      #####        1%          1    None
 Song of Slaying          Chrm           ######..     1%          2    None
 Throw Flame              Conj/Fire      ######       1%          2    None
 Dazzling Spray           Conj/Hex       ######       1%          3    None
 Inner Flame              Hex/Fire       ######..     1%          3    None
 Sticky Flame             Conj/Fire      ######..     2%          4    None
 Fireball                 Conj/Fire      ######....   9%          5    ###....


Dungeon Overview and Level Annotations

Branches:
Dungeon (12/15)            Temple (1/1) D:6            Lair (1/6) D:8
  Sewer (visited)         Gauntlet (1/1)
    Orc: D:9-12

Altars:
Cheibriados
Dithmenos
Elyvilon
Fedhas
Hepliaklqana
Nemelex Xobeh
Qazlal
Ru
Uskayaw
Vehumet
Xom
Zin
The Shining One

Shops:
D:5 *   D:6 }   D:7 ?   D:11 }

Annotations:
D:12 1 runed translucent door, MackTheFife's ghost, journeyman OgFi; Rupert
Lair:1 Harold Gauntlet 6 transporters, 1 runed translucent door


Innate Abilities, Weirdness & Mutations

Your experience applies equally to all skills.
You have very sharp teeth.
Your uncanny sense of smell can sniff out nearby items.


Message History

The minotaur gores you but does no damage.
You slash the minotaur!
The minotaur is moderately wounded.
Your spectral weapon hits the minotaur!
You completely miss the minotaur.
The minotaur is moderately wounded.
Your spectral weapon hits the minotaur.
The minotaur hits your spectral weapon with the +4 halberd of Evaoron {freeze, *Contam rC+++ Str+4 Stlth-}!!
Your spectral weapon fades away.
You strike the helpless minotaur from behind!
You slice the minotaur!!
You bite the minotaur, but do no damage.
The minotaur is severely wounded.
Casting: Spectral Weapon (safe; 1% risk of failure)
Confirm with . or Enter, or press ? or * to list all spells.
You draw out your weapon's spirit!
The minotaur hits you with the +4 halberd of Evaoron {freeze, *Contam rC+++ Str+4 Stlth-}!!
* * * LOW HITPOINT WARNING * * *
The minotaur freezes you!
You die...

##≈. #### .8.#≈≈.
#...##...##≈.
#.#.##.8.###.
#.#......##..
#.#.##.8.#...
###+###...##...#.∩.
###..⌠.##.#.##.©.#...
#"'⌠@...'(#......#.8.
###.H.(##.#.##.©.#...
#.⌠..##...##...#.∩.
##+####.#.##.8.#... ∆
#.#......##..
#.#.##.8.###.
#...##...##≈.
######.8.#≈≈.
#...##≈.


You could see a minotaur and a friendly spectral +5 war axe.

Vanquished Creatures
  Nessos (D:12)
  Fannar (D:11)
  A hydra (D:12)
  A two-headed ogre (D:12)
  A wretched star (Gauntlet)
  2 unseen horrors
  Pikel (D:4)
  An oklob plant (Gauntlet)
  A manticore (D:12)
  An ugly thing (D:11)
  2 gargoyles
  2 trolls
  A merfolk (D:9)
  A hornet (D:9)
  2 hippogriffs
  Sigmund (D:6)
  4 yaks (D:9)
  A wraith (D:10)
  A neqoxec (Gauntlet)
  3 vampire mosquitoes (D:11)
  A steam dragon (D:11)
  A hungry ghost (D:7)
  A soldier ant (D:11)
  2 acid dragons
  A black bear (D:10)
  2 ice beasts
  2 slaves (D:4)
  3 orc warriors
  4 sky beasts
  3 hornet zombies
  A necrophage (D:12)
  A phantom (D:7)
  2 ogres
  4 centaurs
  A crocodile (Lair:1)
  2 big kobolds
  5 bullfrogs
  2 wyvern skeletons (D:11)
  5 scorpions
  A water moccasin skeleton (D:10)
  5 wights (D:11)
  11 killer bees (D:12)
  A howler monkey (D:6)
  10 crimson imps
  5 bullfrog zombies
  4 orc priests
  7 centaur skeletons
  5 hounds
  2 jellies
  14 orc wizards
  A gnoll shaman (D:7)
  2 bullfrog skeletons
  7 iguanas
  6 worker ants
  A hound zombie (D:10)
  A hound skeleton (D:5)
  A worker ant zombie (D:7)
  10 gnolls
  10 adders
  A river rat (Sewer)
  A shadow imp (D:7)
  2 oozes
  2 worms (D:3)
  A dart slug (D:2)
  3 leopard geckos
  41 orcs
  5 giant cockroaches (D:3)
  3 hobgoblins (D:3)
  9 jackals
  11 kobolds
  6 quokkas
  2 ball pythons (D:1)
  5 bats
  2 frilled lizards
  A giant cockroach zombie (D:6)
  A leopard gecko skeleton (D:4)
  8 rats
  A butterfly (D:6)
281 creatures vanquished.

Vanquished Creatures (others)
  A slave (D:4)
  A giant cockroach (D:4)
  3 spectral weapons
5 creatures vanquished.

Grand Total: 286 creatures vanquished

Notes
Turn   | Place    | Note
-------+----------+-------------------------------------------
     0 | D:1      | SaintRoka the Gnoll Skald began the quest for the Orb.
     0 | D:1      | Reached XP level 1. HP: 20/20 MP: 6/6
   321 | D:3      | Found a glowing drain.
   332 | D:3      | Reached XP level 2. HP: 26/26 MP: 2/7
   337 | D:3      | Learned a level 2 spell: Shroud of Golubria
   443 | Sewer    | Entered a sewer
   460 | Sewer    | Reached skill level 5 in Spellcasting
   460 | Sewer    | Reached XP level 3. HP: 26/31 MP: 0/9
   474 | Sewer    | Learned a level 3 spell: Regeneration
   478 | Sewer    | Learned a level 3 spell: Spectral Weapon
   539 | Sewer    | Noticed a big kobold
   572 | Sewer    | Killed a big kobold
   572 | Sewer    | Reached skill level 1 in Short Blades
   572 | Sewer    | Reached skill level 1 in Long Blades
   572 | Sewer    | Reached skill level 1 in Axes
   572 | Sewer    | Reached skill level 1 in Maces & Flails
   572 | Sewer    | Reached skill level 1 in Staves
   572 | Sewer    | Reached skill level 1 in Slings
   572 | Sewer    | Reached skill level 1 in Bows
   572 | Sewer    | Reached skill level 1 in Crossbows
   572 | Sewer    | Reached skill level 1 in Throwing
   572 | Sewer    | Reached skill level 1 in Stealth
   572 | Sewer    | Reached skill level 1 in Shields
   572 | Sewer    | Reached skill level 1 in Unarmed Combat
   572 | Sewer    | Reached skill level 1 in Conjurations
   572 | Sewer    | Reached skill level 1 in Hexes
   572 | Sewer    | Reached skill level 1 in Summonings
   572 | Sewer    | Reached skill level 1 in Necromancy
   572 | Sewer    | Reached skill level 1 in Translocations
   572 | Sewer    | Reached skill level 1 in Transmutations
   572 | Sewer    | Reached skill level 1 in Fire Magic
   572 | Sewer    | Reached skill level 1 in Ice Magic
   572 | Sewer    | Reached skill level 1 in Air Magic
   572 | Sewer    | Reached skill level 1 in Earth Magic
   572 | Sewer    | Reached skill level 1 in Poison Magic
   572 | Sewer    | Reached skill level 1 in Invocations
   572 | Sewer    | Reached skill level 1 in Evocations
   572 | Sewer    | Reached XP level 4. HP: 38/38 MP: 0/11
   665 | Sewer    | Found a white marble altar of Elyvilon.
   835 | D:1      | Reached XP level 5. HP: 38/43 MP: 12/12
  1264 | D:3      | Reached XP level 6. HP: 36/50 MP: 0/13
  1508 | D:4      | Reached skill level 5 in Fighting
  1508 | D:4      | Reached skill level 5 in Polearms
  1508 | D:4      | Reached skill level 5 in Dodging
  1560 | D:4      | Noticed Pikel
  1644 | D:4      | Reached XP level 7. HP: 48/56 MP: 12/15
  1811 | D:4      | Killed Pikel
  1811 | D:4      | Reached XP level 8. HP: 16/63 MP: 12/16
  1889 | D:4      | Learned a level 3 spell: Confuse
  1893 | D:4      | Learned a level 3 spell: Tukima's Dance
  1900 | D:4      | Learned a level 2 spell: Ensorcelled Hibernation
  2092 | D:5      | Entered Level 5 of the Dungeon
  2196 | D:5      | Found a sacrificial altar of Ru.
  2212 | D:5      | Found Vigeugai's Assorted Antiques.
  2235 | D:5      | Bought a scroll labeled ASOSSO SUEHOK for 23 gold pieces
  2236 | D:5      | Bought a scroll labeled RESSIZ MACWIUX for 23 gold pieces
  2236 | D:5      | Bought a small cabochon ring for 115 gold pieces
  2860 | D:6      | Found a staircase to the Ecumenical Temple.
  2908 | Temple   | Entered the Ecumenical Temple
  2960 | Temple   | Became a worshipper of Cheibriados the Contemplative
  3172 | D:6      | Reached XP level 9. HP: 69/69 MP: 14/18
  3204 | D:6      | Noticed Sigmund
  3212 | D:6      | Killed Sigmund
  3503 | D:7      | Reached * piety under Cheibriados
  3527 | D:7      | Reached skill level 5 in Armour
  3584 | D:7      | Found Ovepeem's Magic Scroll Shop.
  3729 | D:6      | Found Offuw's Gadget Boutique.
  3734 | D:6      | Bought a wand of paralysis (6) for 112 gold pieces
  3758 | D:6      | Reached ** piety under Cheibriados
  4323 | D:7      | Reached skill level 5 in Invocations
  4413 | D:7      | Bought a scroll of teleportation for 36 gold pieces
  4589 | D:8      | Found a shadowy altar of Dithmenos.
  4620 | D:8      | Found a staircase to the Lair.
  4794 | D:8      | Reached XP level 10. HP: 50/77 MP: 15/20
  5002 | D:9      | Learned a level 3 spell: Conjure Flame
  5103 | D:9      | Found a blossoming altar of Fedhas.
  5215 | D:9      | Reached *** piety under Cheibriados
  5215 | D:9      | Reached skill level 5 in Short Blades
  5215 | D:9      | Reached skill level 5 in Long Blades
  5215 | D:9      | Reached skill level 5 in Axes
  5215 | D:9      | Reached skill level 5 in Maces & Flails
  5215 | D:9      | Reached skill level 5 in Staves
  5215 | D:9      | Reached skill level 5 in Slings
  5215 | D:9      | Reached skill level 5 in Bows
  5215 | D:9      | Reached skill level 5 in Crossbows
  5215 | D:9      | Reached skill level 5 in Throwing
  5215 | D:9      | Reached skill level 5 in Stealth
  5215 | D:9      | Reached skill level 5 in Shields
  5215 | D:9      | Reached skill level 5 in Unarmed Combat
  5215 | D:9      | Reached skill level 5 in Evocations
  5501 | D:10     | Entered Level 10 of the Dungeon
  5629 | D:10     | Noticed a gargoyle
  5643 | D:10     | Killed a gargoyle
  5975 | D:11     | Reached XP level 11. HP: 72/84 MP: 22/22
  6016 | D:11     | Reached **** piety under Cheibriados
  6139 | D:11     | Noticed a brown ugly thing
  6144 | D:11     | Killed an unseen horror
  6144 | D:11     | Reached skill level 5 in Conjurations
  6144 | D:11     | Reached skill level 5 in Hexes
  6144 | D:11     | Reached skill level 5 in Summonings
  6144 | D:11     | Reached skill level 5 in Necromancy
  6144 | D:11     | Reached skill level 5 in Translocations
  6144 | D:11     | Reached skill level 5 in Transmutations
  6144 | D:11     | Reached skill level 5 in Fire Magic
  6144 | D:11     | Reached skill level 5 in Ice Magic
  6144 | D:11     | Reached skill level 5 in Air Magic
  6144 | D:11     | Reached skill level 5 in Earth Magic
  6144 | D:11     | Reached skill level 5 in Poison Magic
  6148 | D:11     | Killed a brown ugly thing
  6348 | D:11     | Noticed Fannar
  6365 | D:11     | Killed Fannar
  6433 | D:11     | Found Zaxem's Gadget Shop.
  6523 | D:11     | Bought a wand of paralysis (6) for 144 gold pieces
  6606 | D:12     | Noticed Nessos
  6615 | D:12     | Killed Nessos
  6669 | D:12     | Found a runed translucent door.
  6669 | D:12     | Found a shimmering altar of Xom.
  6669 | D:12     | Identified the +6 halberd "Jeash" {chaos, Int+3}
  6669 | D:12     | Noticed a +6 halberd "Jeash" {chaos, Int+3}
  6669 | D:12     | Noticed MackTheFife's ghost (journeyman OgFi)
  6843 | D:12     | Noticed a manticore
  6857 | D:12     | Killed a manticore
  6976 | D:12     | Noticed a four-headed hydra
  6984 | D:12     | Killed a four-headed hydra
  6984 | D:12     | Reached XP level 12. HP: 86/93 MP: 21/24
  7067 | D:12     | Noticed Rupert
  7201 | D:12     | Noticed a two-headed ogre
  7210 | D:12     | Killed a two-headed ogre
  7557 | Lair:1   | Entered Level 1 of the Lair of Beasts
  7581 | Lair:1   | Noticed Harold
  7625 | Lair:1   | Found a gate leading to a gauntlet.
  7635 | Gauntlet | Entered a Gauntlet
  7635 | Gauntlet | Found a transporter.
  7635 | Gauntlet | Found a transporter.
  7637 | Gauntlet | Found the +4 moon troll leather armour {Spirit, Regen++
                  | MP+5}
  7638 | Gauntlet | Found a transporter.
  7649 | Gauntlet | Found a transporter.
  7653 | Gauntlet | Found a transporter.
  7664 | Gauntlet | Found a transporter.
  7665 | Gauntlet | Found a transporter.
  7667 | Gauntlet | Noticed a death scarab
  7673 | Gauntlet | Found a transporter.
  7687 | Gauntlet | Found a runed translucent door.
  7689 | Gauntlet | Found a transporter.
  7691 | Gauntlet | Found a runed translucent door.
  7692 | Gauntlet | Noticed a wretched star
  7703 | Gauntlet | Found a transporter.
  7707 | Gauntlet | Found a transporter.
  7715 | Gauntlet | Found a transporter.
  7823 | Gauntlet | Noticed a queen ant
  7829 | Gauntlet | Noticed a death scarab
  7875 | Gauntlet | Killed a wretched star
  7885 | Gauntlet | Got a twitching granite ring
  7887 | Gauntlet | Identified the ring "Essuun" {rElec Int+8 Dex+2 Stlth+}
                  | (You found it in a Gauntlet)
  7891 | Gauntlet | Got a shimmering shield
  7897 | Gauntlet | Identified the cursed +0 shield of Voanurph {rPois MR+}
                  | (You found it in a Gauntlet)
  7931 | Gauntlet | Identified the +4 halberd of Evaoron {freeze, *Contam rC+++
                  | Str+4 Stlth-}
  7931 | Gauntlet | Noticed a minotaur
  7945 | Gauntlet | Slain by a minotaur

Levels and vault maps discovered:
D:1:      noname_arrival_rooms_in_the_neighbourhood, layout_basic
D:2:      layout_loops_ring, first_ration
D:3:      minmay_chambers_of_threes, layout_basic, makhleb_heckhound_becter,
          portal_sewer_entry_a, uniq_natasha
D:4:      layout_cave_pools, kennysheep_generic_room_4, uniq_pikel
D:5:      layout_basic, serial_shops, shop, st_stairs_7, nicolae_ru_awakened_eye
D:6:      layout_loops_corners, minmay_temple_entry_gardened_gates,
          serial_shops, shop, hangedman_decor_slide_cut, hangedman_glass_garden,
          uniq_sigmund
D:7:      layout_rooms, serial_shops, shop
D:8:      layout_loops_ring, lair_entry_dummy, serial_shops,
          kennysheep_little_box, grunt_dithmenos_smoke_and_mirrors
D:9:      layout_stronghold, hangedman_fish_farm, fedhas_ov_isle_minmay
D:10:     layout_stronghold
D:11:     layout_roguey, orc_0_dummy, serial_shops, nicolae_shop_behind_doors,
          grunt_potential, uniq_fannar
D:12:     layout_loops_corners, ebering_ghost_xom, uniq_nessos, uniq_rupert
Temple:   minmay_crystal_snake_temple
Lair:1:   layout_regular_city, gauntlet_entry_generic,
          grunt_forest_large_clearings, uniq_harold, uniq_grum
Gauntlet: minmay_gauntlet_77_indecision
          [minmay_gauntlet_arena_77_radiant_squares,
          minmay_gauntlet_arena_77_tiled_triplets, minmay_gauntlet_arena_77_box,
          minmay_gauntlet_arena_77_hold_the_fort,
          minmay_gauntlet_arena_77_terracotta_army,
          minmay_gauntlet_arena_77_shame_cube, gauntlet_exit_hidden_loot]

Skill      XL: |  1  2  3  4  5  6  7  8  9 10 11 12 |
---------------+-------------------------------------+-----
Spellcasting   | 5 6 7 8 |  8.8
Short Blades   | 1 2 3 4 5 6 7 |  7.1
Long Blades    | 1 2 3 4 5 6 7 |  7.1
Axes           | 1 2 3 4 5 6 7 |  7.1
Maces & Flails | 1 2 3 4 5 6 7 |  7.1
Staves         | 1 2 3 4 5 6 7 |  7.1
Slings         | 1 2 3 4 5 6 7 |  7.1
Bows           | 1 2 3 4 5 6 7 |  7.1
Crossbows      | 1 2 3 4 5 6 7 |  7.1
Throwing       | 1 2 3 4 5 6 7 |  7.1
Stealth        | 1 2 3 4 5 6 7 |  7.1
Shields        | 1 2 3 4 5 6 7 |  7.1
Unarmed Combat | 1 2 3 4 5 6 7 |  7.1
Conjurations   | 1 2 3 4 5 |  5.9
Hexes          | 1 2 3 4 5 |  5.9
Summonings     | 1 2 3 4 5 |  5.9
Necromancy     | 1 2 3 4 5 |  5.9
Translocations | 1 2 3 4 5 |  5.9
Transmutations | 1 2 3 4 5 |  5.9
Fire Magic     | 1 2 3 4 5 |  5.9
Ice Magic      | 1 2 3 4 5 |  5.9
Air Magic      | 1 2 3 4 5 |  5.9
Earth Magic    | 1 2 3 4 5 |  5.9
Poison Magic   | 1 2 3 4 5 |  5.9
Invocations    | 1 2 3 4 5 6 7 |  7.8
Evocations     | 1 2 3 4 5 6 7 |  7.1
Armour         | 3 4 5 6 7 |  7.6
Fighting       | 5 6 7 8 |  8.5
Polearms       | 5 6 7 8 |  8.5
Dodging        | 5 6 7 8 |  8.5
Charms         | 6 7 8 |  8.1

Action                   |  1- 3 |  4- 6 |  7- 9 | 10-12 || total
-------------------------+-------+-------+-------+-------++-------
Melee: Spear             |    69 |    58 |       |       ||   127
       Bite              |     9 |     8 |    49 |    70 ||   136
       Trident           |       |    62 |   252 |       ||   314
       Punch             |       |       |     6 |    17 ||    23
       Long sword        |       |       |    88 |   162 ||   250
       Hand axe          |       |       |       |    48 ||    48
       Quarterstaff      |       |       |       |     2 ||     2
       War axe           |       |       |       |    78 ||    78
Throw: Boomerang         |       |       |       |     1 ||     1
       Dart              |       |       |       |     3 ||     3
 Cast: Infusion          |     4 |     3 |    12 |    12 ||    31
       Shroud of Golubri |     3 |     5 |    22 |    17 ||    47
       Spectral Weapon   |     2 |    11 |    36 |    29 ||    78
       Regeneration      |       |     6 |    18 |    20 ||    44
       Conjure Flame     |       |       |       |     1 ||     1
Invok: Bend Time         |       |       |     1 |     2 ||     3
       Slouch            |       |       |       |     3 ||     3
       Temporal Distorti |       |       |       |     1 ||     1
Evoke: Wand              |       |       |       |    26 ||    26
  Use: Potion            |       |     1 |     8 |     6 ||    15
       Scroll            |       |       |    14 |     7 ||    21
 Stab: Distracted        |       |     1 |     2 |     4 ||     7
       Sleeping          |       |       |     2 |     6 ||     8
       Paralysed         |       |       |       |    12 ||    12
       Invisible         |       |       |       |     2 ||     2
  Eat: Chunk             |       |     4 |     8 |     6 ||    18
       Ration            |       |       |     1 |     1 ||     2
Armor: Leather armour    |     7 |    18 |    40 |    30 ||    95
       Chain mail        |       |       |       |    41 ||    41
       Troll leather arm |       |       |       |    21 ||    21
       Acid dragon scale |       |       |       |     2 ||     2
Dodge: Dodged            |    31 |    72 |   271 |   273 ||   647
Block: Shield            |       |       |       |     3 ||     3
       Rpst.: Long sword |       |       |    27 |    33 ||    60
